 Dungeon Crawl Stone Soup version 0.19-a0-1637-gfc13266 (webtiles) character file.

37 Alarkh the Grave Robber (level 3, 0/24 HPs)
             Began as a Mummy Necromancer on Sept 19, 2016.
             Slain by a goblin
             ... wielding a +0 club
             ... led by Robin
              (3 damage)
             ... on level 2 of the Dungeon.
             The game lasted 00:01:32 (830 turns).

Alarkh the Grave Robber (Mummy Necromancer)          Turns: 830, Time: 00:01:33

Health: 0/24       AC:  3    Str: 11    XL:     3   Next: 23%
Magic:  2/7        EV: 12    Int: 15    God:
Gold:   47         SH:  0    Dex: 12    Spells: 2 memorised, 3 levels left

rFire  x . .     SeeInvis .     f - +0 spear
rCold  + . .     Gourm    .     a - +1 robe
rNeg   + + +     Faith    .     (no shield)
rPois  ∞         Spirit   .     (no helmet)
rElec  .         Dismiss  .     (no cloak)
rCorr  .         Reflect  .     (no gloves)
MR     .....     Harm     .     (no boots)
Stlth  ++........               (no amulet)
                                (no ring)
                                h - ring of flight

@: no status effects
A: no food or potions, fire vulnerability, cold resistance 1, negative energy
resistance 3, torment resistance, unbreathing
a: Evoke Flight


You were on level 2 of the Dungeon.
You were not hungry.

You visited 1 branch of the dungeon, and saw 2 of its levels.

You collected 47 gold pieces.

Inventory:

Hand Weapons
 f - a +0 spear (weapon)
Armour
 a - a +1 robe (worn)
Jewellery
 h - a ring of flight (left hand)
Scrolls
 d - a scroll of fog
 g - a scroll of magic mapping
Books
 b - a book of Necromancy

   Spells                             Type                      Level
   a - Pain                           Necromancy                   1
   b - Animate Skeleton               Necromancy                   1
   c - Vampiric Draining              Necromancy                   3
   d - Regeneration                   Charms/Necromancy            3
   e - Animate Dead                   Necromancy                   4
   f - Control Undead                 Necromancy                   4


   Skills:
 - Level 1.5 Dodging
 - Level 1.5 Stealth
 + Level 2.8 Spellcasting
 + Level 4.5 Necromancy


You had 3 spell levels left.
You knew the following spells:

 Your Spells              Type           Power        Failure   Level  Hunger
a - Pain                  Necr           ###.         3%          1    N/A
b - Vampiric Draining     Necr           ###.......   12%         3    N/A

Dungeon Overview and Level Annotations

Branches:
Dungeon (2/15)

Altars:

Annotations:
D:2 Robin


Innate Abilities, Weirdness & Mutations

You do not eat or drink.
Your flesh is vulnerable to fire.
You are immune to poison.
Your flesh is cold resistant. (rC+)
You are immune to negative energy. (rN+++)
You are immune to unholy pain and torment.
You can survive without breathing.


Message History

The goblin hits you. The goblin hits you but does no damage.
The goblin moves out of view.
As you read the scroll labeled VYUSKO TONO, it crumbles to dust.
It is a scroll of identify.
d - a scroll of fog Robin roars a battlecry!
The goblin barely misses you. The goblin hits you with a club.
You hear a shout!
A hobgoblin comes into view. It is wielding a club.
As you read the scroll labeled CAPSOESENU, it crumbles to dust.
You feel blessed for a moment.
It was a scroll of remove curse.
The goblin misses you. The goblin hits you with a club!
As you read the scroll labeled PUESMO WEYRCH, it crumbles to dust.
It is a scroll of enchant armour.
Your +0 robe glows green for a moment.
The goblin completely misses you. The goblin hits you with a club.
* * * LOW HITPOINT WARNING * * *
You closely miss the goblin. The goblin hits you but does no damage.
The goblin hits you with a club.
You die...

##.........
#)...(...#. #
###.#......# .##
#.).#.>....#
..####.##########
#.##...# #.##.###
#.##.# #######.###
#.#..# ##.g@ggKg)..
#...#####..###.g.#..
##..##.....## ###
#...#..#####
##.#...##
###†.....##..
.............
#.......♣♣♣..
#####..♣# .♣


You could see Robin, a hobgoblin, 3 goblins and a kobold.

Vanquished Creatures
  A gnoll (D:1)
  4 bats
  2 giant cockroaches
  10 goblins
  3 jackals (D:1)
  A kobold (D:1)
  3 rats
24 creatures vanquished.

Notes
Turn   | Place    | Note
-------+----------+-------------------------------------------
     0 | D:1      | Alarkh the Mummy Necromancer began the quest for the Orb.
     0 | D:1      | Reached XP level 1. HP: 13/13 MP: 3/3
   222 | D:1      | Reached XP level 2. HP: 15/19 MP: 0/5
   700 | D:2      | Reached XP level 3. HP: 24/24 MP: 5/7
   705 | D:2      | Learned a level 3 spell: Vampiric Draining
   711 | D:2      | Noticed Robin
   830 | D:2      | Slain by a goblin

Vault maps used:
D:1:      dpeg_arrival_ternary
D:2:      minmay_stone_trees_medium, uniq_robin

Action                   || total
-------------------------++-------
Melee: Unarmed           ||     7
       Spear             ||    19
 Cast: Pain              ||    45
  Use: Scroll            ||     4
Armor: Robe              ||    20
Dodge: Dodged            ||    33
